 Dungeon Crawl Stone Soup version 0.24-a0-264-gf46a388 (webtiles) character file.

Game seed: 11250415835166016498

39 Lanoc the Chopper (level 3, -1/30 HPs)
             Began as a Minotaur Gladiator on Apr 20, 2019.
             Slain by a gnoll
             ... wielding a cursed -2 halberd
              (13 damage)
             ... on level 2 of the Dungeon.
             The game lasted 00:00:31 (158 turns).

Lanoc the Chopper (Minotaur Gladiator)               Turns: 158, Time: 00:00:32

Health: -1/30      AC:  3    Str: 18    XL:     3   Next: 26%
Magic:  2/2        EV: 13    Int:  5    God:
Gold:   28         SH:  0    Dex: 12    Spells: 2/2 levels left

rFire    . . .     SeeInvis .   a - +0 war axe
rCold    . . .     Gourm    .   (no shield)
rNeg     . . .     Faith    .   b - +0 leather armour
rPois    .         Spirit   .   c - +0 hat
rElec    .         Reflect  .   (no cloak)
rCorr    .         Harm     .   (no gloves)
MR       .....                  (no boots)
Stlth    +.........             (no amulet)
HPRegen  0.10/turn              (no ring)
MPRegen  0.08/turn              (no ring)

@: no status effects
A: retaliatory headbutt, horns 2
a: no special abilities


You were on level 2 of the Dungeon.
You were not hungry.

You visited 1 branch of the dungeon, and saw 2 of its levels.

You collected 28 gold pieces.

Inventory:

Hand Weapons
 a - a +0 war axe (weapon)
Missiles
 d - 3 throwing nets (quivered)
Armour
 b - a +0 leather armour (worn)
 c - a +0 hat (worn)
Scrolls
 g - a scroll of enchant weapon {unknown}
 h - 2 scrolls of teleportation {unknown}
 j - a scroll of enchant armour {unknown}
 m - a scroll of fog {unknown}
Potions
 e - a potion of might {unknown}
 i - a potion of curing {unknown}
 l - a potion of flight {unknown}
Comestibles
 f - 2 rations
 k - 3 chunks of flesh


   Skills:
 + Level 2.9 Fighting
 * Level 4.3 Axes
 - Level 2.0 Throwing
 + Level 1.3 Armour
 + Level 3.6 Dodging


You had 2 spell levels left.
You didn't know any spells.
Your spell library was empty.

Dungeon Overview and Level Annotations

Branches:
Dungeon (2/15)

Altars:


Innate Abilities, Weirdness & Mutations

You reflexively headbutt those who attack you in melee.
You have a pair of horns on your head.


Message History

The gnoll hits you but does no damage. The gnoll misses you.
You slash the gnoll!
The gnoll is almost dead.
The gnoll hits you with a +0 whip. The gnoll barely misses you. x3
The gnoll closely misses you. The gnoll hits you with a +0 spear!
The gnoll hits you but does no damage.
You closely miss the gnoll. You hit the gnoll.
You kill the gnoll!
You closely miss the gnoll. The gnoll misses you. The gnoll barely misses you.
You closely miss the gnoll. Your headbutt misses the gnoll.
You hit the gnoll but do no damage. You hit the rat.
You kill the rat!
The gnoll hits you with a +0 spear. The gnoll barely misses you.
You furiously retaliate!
You headbutt the gnoll! The gnoll closely misses you. The gnoll misses you.
You furiously retaliate!
You headbutt the gnoll! You closely miss the gnoll.
The gnoll is almost dead.
You hit the gnoll but do no damage.
The gnoll hits you with a cursed -2 halberd!
You die...

##..####
#.##........#
#.......#...).
####..###...#.
#
#.##..........
.###
..#.##.###...#.
... #.
#.#.###.... ###
#g#.
#........##
.....#g)##
##.#######
#...g@.## ##.##
##.####.###.##
#..#..# #.....#
####.## #.# #.#
#.# #.#


You could see 3 gnolls.

Vanquished Creatures
  A gnoll (D:2)
  An adder (D:2)
  2 worms (D:2)
  2 giant cockroaches (D:2)
  A goblin (D:2)
  4 jackals (D:2)
  A kobold (D:2)
  3 rats (D:2)
15 creatures vanquished.

Notes
Turn   | Place    | Note
-------+----------+-------------------------------------------
     0 | D:1      | Lanoc the Minotaur Gladiator began the quest for the Orb.
     0 | D:1      | Reached XP level 1. HP: 18/18 MP: 0/0
    73 | D:2      | Reached XP level 2. HP: 22/25 MP: 1/1
    76 | D:2      | Reached skill level 4 in Axes
   101 | D:2      | Reached skill level 1 in Armour
   124 | D:2      | Reached XP level 3. HP: 19/30 MP: 2/2
   158 | D:2      | Slain by a gnoll

Levels and vault maps discovered:
D:1:      scummos_arrival_simple_crosswalls, layout_rooms
D:2:      layout_loops_cross

Skill      XL: |  1  2 |
---------------+-------+-----
Axes           | 4 |  4.3
Armour         | 1 |  1.3
Fighting       | |  2.9
Throwing       | |  2.0
Dodging        | |  3.6

Action                   || total
-------------------------++-------
Melee: War axe           ||    27
       Headbutt          ||     1
 Stab: Sleeping          ||     1
Armor: Leather armour    ||     6
Dodge: Dodged            ||    25

Table legend:
 A = Non-vault XP
 B = Vault XP
 C = Vault XP percentage of total XP
 D = Non-vault monster count
 E = Vault monster count
 F = Vault count percentage of total count
                 A         B        C        D         E       F
            +---------+---------+-------+---------+---------+-------
      Total |      56 |       0 |   0.0 |      15 |       0 |   0.0
            +---------+---------+-------+---------+---------+-------
        D:2 |      56 |       0 |   0.0 |      15 |       0 |   0.0
            +---------+---------+-------+---------+---------+-------
